cohdb
Replays
Latest Replays
All Replays
Popular Replays
Top Player Replays
Match Explorer
How It Works
Community
CoH3 Stats
Reddit
Sign in to upload your games and track your stats! →
Sign in with Steam
Match 47258659
Unlisted
Match 47258659
Overview
Messages
Build Orders
End
Construct Infanterie Kompanie
Pioneer Squad
MG 42 Machine Gun Team
Selects Terror Battlegroup
Selects Machine Gun Camouflage
MG 42 Machine Gun Team
Grenadier Squad
GrW 34 Mortar Team
MG 42 Machine Gun Team
Infanterie Officer Quarters
Construct Panzergrenadier Kompanie
Pak 40 Anti-tank Gun Team
Construct Panzer Kompanie
Grenadier Squad
Medical Station
Selects Contempt for the Weak
Selects Jericho Trumpet
Panzer IV Medium Tank
Stoßtruppen Squad
Panzer Officer Quarters
Selects Defend the Fatherland
Jericho Trumpet
Panzer IV Medium Tank
Pioneer Squad
Selects V1 Rocket Strike
Panzer IV Medium Tank
Pioneer Squad
Pioneer Squad
Grenadier Squad
Selects V1 Rocket Strike
ST Hélios | No Game No Life
Ghost
PutPut-AutistInPerfection
CatUnderHelmet
0
0
Comments
sign in to comment!
No comments posted yet!